 Dungeon Crawl Stone Soup version 0.23-a0-844-gdc03e01 (console) character file.

196 bli the Ducker (level 5, -3/63 HPs)
             Began as a Merfolk Monk on Jan 26, 2019.
             Killed from afar by an orc wizard (8 damage)
             ... with a magic dart
             ... on level 3 of the Dungeon.
             The game lasted 00:08:29 (1913 turns).

bli the Ducker (Merfolk Monk)                       Turns: 1913, Time: 00:08:29

Health: -3/63      AC:  6    Str: 16    XL:     5   Next: 74%
Magic:  5/5        EV: 16    Int:  9    God:
Gold:   113        SH:  0    Dex: 18    Spells: 4/4 levels left

rFire    . . .     SeeInvis .   a - +0 falchion
rCold    . . .     Gourm    .   (no shield)
rNeg     . . .     Faith    .   n - +0 robe
rPois    .         Spirit   .   (no helmet)
rElec    .         Reflect  .   h - +2 cloak
rCorr    .         Harm     .   m - +0 pair of gloves
MR       .....                  (no boots)
Stlth    ..........             (no amulet)
HPRegen  0.20/turn              (no ring)
MPRegen  0.09/turn              (no ring)

@: berserking, very quick
A: change form in water, swift swim, stealthy swim
a: no special abilities


You were on level 3 of the Dungeon.
You were not hungry.

You visited 1 branch of the dungeon, and saw 3 of its levels.

You collected 113 gold pieces.

Inventory:

Hand Weapons
 a - a +0 falchion (weapon)
 b - a +0 rapier
 k - a +0 hunting sling
Missiles
 l - 62 stones
 o - 5 javelins (quivered)
 r - 2 tomahawks
Armour
 h - a +2 cloak (worn)
 m - a +0 pair of gloves (worn)
 n - a +0 robe (worn)
Scrolls
 f - 4 scrolls of identify {unknown}
 g - 5 scrolls of teleportation {unknown}
 j - 2 scrolls of remove curse {unknown}
 t - a scroll of enchant armour {unknown}
 u - a scroll of fog {unknown}
Potions
 e - 2 potions of berserk rage
 i - a potion of might {unknown}
 p - a potion of agility {unknown}
 q - a potion of flight {unknown}
 s - a potion of heal wounds {unknown}
 v - a potion of lignification {unknown}
Comestibles
 c - 5 rations
 d - 5 chunks of flesh


   Skills:
 * Level 4.1 Fighting
 + Level 5.0 Long Blades
 * Level 5.7 Dodging
 + Level 2.9 Stealth


You had 4 spell levels left.
You didn't know any spells.
Your spell library was empty.

Dungeon Overview and Level Annotations

Branches:
Dungeon (3/15)

Altars:


Message History

The puff of frost hits you!
* * * LOW HITPOINT WARNING * * *
The orc wizard hits you with a +0 dagger.
* * * LOW HITPOINT WARNING * * *
It was a potion of berserk rage.
A red film seems to cover your vision as you go berserk!
You feel yourself moving faster!
You feel mighty!
The orc wizard hits you but does no damage.
You barely miss the orc wizard.
The orc wizard is lightly wounded.
The orc wizard hits you but does no damage.
The orc wizard barely misses you.
You barely miss the orc wizard.
The orc wizard is lightly wounded.
The orc wizard completely misses you.
You closely miss the orc wizard.
The orc wizard is lightly wounded.
The orc wizard points at you and mumbles some strange words.
The magic dart hits you!
You die...

# #######
#############.....#
.....>............#
#############.....#
....#
######.....#######
....#
...........#.....#
....#
...........#.....#
.####
.......#.........#
##
.......##.#......#
###
#########.#......#
..# #......@)#.....#
#.#####
#.######o#.....#
#.....####.#
......#+####
....#.#....##.#....#
....................
....###<......# (..(
.............# #..##
.............# ..#
.............+
.........)...###
....###........#


You could see an orc wizard.

Vanquished Creatures
  A hound (D:3)
  An orc priest (D:3)
  An orc wizard (D:3)
  3 adders (D:2)
  4 worms (D:2)
  2 dart slugs
  A leopard gecko (D:2)
  6 orcs (D:3)
  6 bats
  3 giant cockroaches
  7 goblins
  5 hobgoblins
  5 jackals
  5 kobolds
  A quokka (D:2)
  4 frilled lizards
  5 rats
60 creatures vanquished.

Vanquished Creatures (others)
  4 toadstools (D:1)
4 creatures vanquished.

Grand Total: 64 creatures vanquished

Notes
Turn   | Place    | Note
-------+----------+-------------------------------------------
     0 | D:1      | bli the Merfolk Monk began the quest for the Orb.
     0 | D:1      | Reached XP level 1. HP: 18/18 MP: 1/1
   112 | D:1      | Reached XP level 2. HP: 16/24 MP: 2/2
   606 | D:2      | Reached XP level 3. HP: 26/29 MP: 3/3
   964 | D:2      | Reached skill level 5 in Dodging
   964 | D:2      | Reached XP level 4. HP: 33/37 MP: 4/4
  1615 | D:3      | Reached XP level 5. HP: 36/42 MP: 5/5
  1907 | D:3      | Reached skill level 5 in Long Blades
  1913 | D:3      | Killed from afar by an orc wizard

Vault maps used:
D:1:      ldierk_walled_garden_2
D:2:      cheibrodos_old_hovel, first_ration
D:3:      lemuel_doored_altar, old_standard_altar, uniq_crazy_yiuf_cottage

Skill      XL: |  1  2  3  4  5 |
---------------+----------------+-----
Long Blades    | 4 5 |  5.0
Dodging        | 5 |  5.7
Fighting       | 4 |  4.1
Stealth        | |  2.9

Action                   |  1- 3 |  4- 6 || total
-------------------------+-------+-------++-------
Melee: Falchion          |    99 |   109 ||   208
       Rapier            |       |     6 ||     6
Throw: Stone             |     3 |     1 ||     4
       Javelin           |       |     2 ||     2
  Use: Potion            |       |     1 ||     1
 Stab: Sleeping          |     2 |     3 ||     5
  Eat: Chunk             |       |     4 ||     4
Armor: Robe              |    22 |    33 ||    55
Dodge: Dodged            |    87 |    91 ||   178
       Rpst.: Falchion   |    35 |    29 ||    64

Table legend:
 A = Non-vault XP
 B = Vault XP
 C = Vault XP percentage of total XP
 D = Non-vault monster count
 E = Vault monster count
 F = Vault count percentage of total count
                 A         B        C        D         E       F
            +---------+---------+-------+---------+---------+-------
      Total |     279 |       1 |   0.4 |      59 |       1 |   1.7
            +---------+---------+-------+---------+---------+-------
        D:1 |      28 |       0 |   0.0 |      14 |       0 |   0.0
        D:2 |      98 |       1 |   1.0 |      29 |       1 |   3.3
        D:3 |     153 |       0 |   0.0 |      16 |       0 |   0.0
            +---------+---------+-------+---------+---------+-------
